[Event "GER-chW Blitz 2019"]
[Site "Magdeburg"]
[Date "2019.05.25"]
[Round "15.4"]
[White "Ries, Jutta"]
[Black "Birkholz, Olga"]
[Result "1/2-1/2"]
[ECO "A02"]
[WhiteElo "2017"]
[BlackElo "2031"]
[Annotator "NA"]
[PlyCount "78"]
[EventDate "2019.05.25"]
[EventType "tourn"]
[EventCountry "GER"]
[SourceTitle "playchess.com"]
[Source "ChessBase"]
[SourceQuality "1"]
[TimeControl "180+2"]

1. f4 c5 2. Nf3 Nc6 3. b3 g6 4. Bb2 Nf6 5. e3 Bg7 6. Bb5 Qb6 7. Qe2 a6 8. Bxc6 Qxc6 9. Nc3 d6 10. O-O O-O 11. d3 b5 12. e4 Bb7 13. Rae1 Rfe8 14. Nd1 c4 15. Kh1 Rac8 16. Nd4 Qd7 17. Ne3 e5 18. fxe5 dxe5 19. Nf3 cxd3 20. cxd3 Nh5 21. Ng5 Nf4 22. Qf3 Qe7 23. Qg4 Nxd3 24. Rxf7 Qxf7 25. Nxf7 Nxe1 26. Nd6 Rf8 27. Nxc8 Bxc8 28. Qe2 Bh6 29. Nd5 Nc2 30. h3 Nd4 31. Bxd4 exd4 32. Ne7+ Kf7 33. Nxc8 Rxc8 34. Qf2+ Ke6 35. Qxd4 Rc1+ 36. Kh2 Bf4+ 37. g3 Rc2+ 38. Kg1 Bxg3 39. Qd5+ Kf6 1/2-1/2

[Event "GER-chW Blitz 2019"]
[Site "Magdeburg"]
[Date "2019.05.25"]
[Round "15.5"]
[White "Kushka, Alena"]
[Black "Hofmann, Karina"]
[Result "1-0"]
[ECO "A40"]
[WhiteElo "2148"]
[BlackElo "1700"]
[Annotator "NA"]
[PlyCount "71"]
[EventDate "2019.05.25"]
[EventType "tourn"]
[EventCountry "GER"]
[SourceTitle "playchess.com"]
[Source "ChessBase"]
[SourceQuality "1"]
[TimeControl "180+2"]

1. d4 b6 2. c4 Bb7 3. Nc3 g6 4. e4 Bg7 5. Nf3 e6 6. Be2 Ne7 7. O-O O-O 8. Bg5 f6 9. Bh4 c5 10. d5 e5 11. d6 Nec6 12. Nd5 Na6 13. a3 Nd4 14. Nxd4 Bxd5 15. cxd5 cxd4 16. Bxa6 Qb8 17. Rc1 Qxd6 18. Qc2 Rab8 19. Qc7 Qxc7 20. Rxc7 b5 21. Rxa7 Rb6 22. f3 g5 23. Be1 Rfb8 24. Bb4 Bf8 25. Ba5 Rd6 26. Bc7 Rbb6 27. Bxd6 Bxd6 28. Rc1 Kg7 29. Rxd7+ Kg6 30. Bb7 b4 31. a4 b3 32. Kf1 h6 33. Rc6 Rxc6 34. dxc6 Bb8 35. c7 Bxc7 36. Rxc7 1-0

[Event "GER-chW Blitz 2019"]
[Site "Magdeburg"]
[Date "2019.05.25"]
[Round "15.6"]
[White "Schulze, Lara"]
[Black "Siegl, Melina"]
[Result "0-1"]
[ECO "B40"]
[WhiteElo "2160"]
[BlackElo "2029"]
[Annotator "NA"]
[PlyCount "55"]
[EventDate "2019.05.25"]
[EventType "tourn"]
[EventCountry "GER"]
[SourceTitle "playchess.com"]
[Source "ChessBase"]
[SourceQuality "1"]
[TimeControl "180+2"]

1. e4 c5 2. Nf3 e6 3. d4 cxd4 4. Nxd4 Nf6 5. Nc3 a6 6. e5 Ng8 7. Be2 d6 8. Nf3 Nc6 9. Bg5 Qc7 10. exd6 Bxd6 11. O-O h6 12. Bh4 Nge7 13. Ne4 Bf4 14. g3 Ng6 15. gxf4 Nxh4 16. Nd6+ Ke7 17. Nxc8+ Raxc8 18. Nxh4 Qxf4 19. Ng2 Qg5 20. f4 Qc5+ 21. Kh1 Nd4 22. c3 Nf5 23. Bf3 Rc7 24. Qe2 g5 25. Rad1 Rg8 26. Be4 Nd6 27. Bf3 g4 28. Bxg4 0-1

[Event "GER-chW Blitz 2019"]
[Site "Magdeburg"]
[Date "2019.05.25"]
[Round "15.7"]
[White "Braje, Monika"]
[Black "Muetsch, Annmarie"]
[Result "0-1"]
[ECO "B21"]
[WhiteElo "1781"]
[BlackElo "2266"]
[Annotator "NA"]
[PlyCount "97"]
[EventDate "2019.05.25"]
[EventType "tourn"]
[EventCountry "GER"]
[SourceTitle "playchess.com"]
[Source "ChessBase"]
[SourceQuality "1"]
[TimeControl "180+2"]

1. e4 c5 2. d4 cxd4 3. c3 d3 4. Bxd3 Nc6 5. Nf3 g6 6. O-O Bg7 7. Bf4 d6 8. h3 Nf6 9. Qe2 O-O 10. Rd1 Nd7 11. Na3 a6 12. Rac1 b5 13. Bb1 Qb6 14. Be3 Qc7 15. Nc2 Nde5 16. Nfd4 Nc4 17. b3 Nxe3 18. Qxe3 Bb7 19. Ne1 Rac8 20. Ndf3 Ne5 21. Nd4 Rfe8 22. Kh1 Qb6 23. Qg3 a5 24. f4 Nc6 25. Ndf3 b4 26. c4 Nd4 27. Nxd4 Bxd4 28. e5 Bf2 29. Qg4 Be3 30. exd6 exd6 31. Rc2 f5 32. Qg3 Bc5 33. Rcd2 Re7 34. Bxf5 Rf8 35. Bc2 Ref7 36. f5 Rg7 37. Qf4 gxf5 38. Nf3 Bxf3 39. Qxf3 f4 40. Qd5+ Kh8 41. Rf1 Qc7 42. Re2 Qa7 43. Re4 Qb8 44. Rexf4 Rfg8 45. Rh4 Qd8 46. Rh5 Qe7 47. Qd3 Qd7 48. Qe2 Re8 49. Qf3 0-1

[Event "GER-chW Blitz 2019"]
[Site "Magdeburg"]
[Date "2019.05.25"]
[Round "15.8"]
[White "Mader, Lena"]
[Black "Michna, Marta"]
[Result "1/2-1/2"]
[ECO "A16"]
[WhiteElo "1839"]
[BlackElo "2355"]
[Annotator "NA"]
[PlyCount "53"]
[EventDate "2019.05.25"]
[EventType "tourn"]
[EventCountry "GER"]
[SourceTitle "playchess.com"]
[Source "ChessBase"]
[SourceQuality "1"]
[TimeControl "180+2"]

1. c4 Nf6 2. Nc3 d6 3. d4 Nbd7 4. g3 e5 5. dxe5 dxe5 6. Bg2 c6 7. e3 Qc7 8. Nf3 Be7 9. O-O O-O 10. Qc2 Re8 11. a3 a5 12. b3 Bf8 13. Bb2 Nc5 14. b4 axb4 15. axb4 Rxa1 16. Rxa1 Na6 17. b5 Nb4 18. Qe2 Bf5 19. Ne1 e4 20. Ra7 Qb6 21. Ra1 Bg4 22. Qf1 h5 23. h3 Bf5 24. bxc6 bxc6 25. Ba3 Nd3 26. Bxf8 Kxf8 27. Nxe4 1/2-1/2

[Event "GER-chW Blitz 2019"]
[Site "Magdeburg"]
[Date "2019.05.25"]
[Round "15.9"]
[White "Zimmer, Elke"]
[Black "Osmanodja, Filiz"]
[Result "0-1"]
[ECO "B24"]
[WhiteElo "1926"]
[BlackElo "2260"]
[Annotator "NA"]
[PlyCount "82"]
[EventDate "2019.05.25"]
[EventType "tourn"]
[EventCountry "GER"]
[SourceTitle "playchess.com"]
[Source "ChessBase"]
[SourceQuality "1"]
[TimeControl "180+2"]

1. e4 c5 2. Nc3 Nc6 3. g3 g6 4. Bg2 Bg7 5. d3 e6 6. Be3 d6 7. Nf3 Nge7 8. O-O O-O 9. Qd2 Nd4 10. Bh6 Nec6 11. Bxg7 Kxg7 12. Nd1 f5 13. Ne1 e5 14. c3 Ne6 15. Ne3 f4 16. Nd5 Ne7 17. Nxe7 Qxe7 18. Nf3 g5 19. h3 h5 20. g4 hxg4 21. hxg4 Rh8 22. Nh2 f3 23. Nxf3 Nf4 24. d4 Bxg4 25. dxe5 dxe5 26. Rfd1 Nxg2 27. Kxg2 Bxf3+ 28. Kxf3 Rad8 29. Qc1 Rxd1 30. Qxd1 Qe6 31. Qg1 Rf8+ 32. Ke2 Qc4+ 33. Ke3 Kg6 34. Rd1 Rf4 35. Rd6+ Kf7 36. Qg2 g4 37. Rd7+ Ke6 38. Rxb7 Rf3+ 39. Kd2 Qxe4 40. Rg7 Rd3+ 41. Kc2 Qxg2 0-1

[Event "GER-chW Blitz 2019"]
[Site "Magdeburg"]
[Date "2019.05.25"]
[Round "15.10"]
[White "Kopylov, Luba"]
[Black "Sieber, Fiona"]
[Result "0-1"]
[ECO "E46"]
[WhiteElo "2078"]
[BlackElo "2250"]
[Annotator "NA"]
[PlyCount "102"]
[EventDate "2019.05.25"]
[EventType "tourn"]
[EventCountry "GER"]
[SourceTitle "playchess.com"]
[Source "ChessBase"]
[SourceQuality "1"]
[TimeControl "180+2"]

1. d4 Nf6 2. c4 e6 3. Nc3 Bb4 4. e3 O-O 5. Nge2 d5 6. a3 Be7 7. cxd5 exd5 8. Ng3 Re8 9. Bd3 c6 10. O-O Nbd7 11. b4 Nf8 12. Bb2 Ng6 13. Qc2 Nh4 14. Na4 Bd6 15. Nc5 Qc7 16. Rac1 g6 17. e4 dxe4 18. Ncxe4 Nxe4 19. Bxe4 Bf4 20. Rce1 Be6 21. Qc3 f6 22. d5 Be5 23. Qc1 cxd5 24. Qxc7 Bxc7 25. Bxf6 dxe4 26. Bxh4 Bd5 27. Bg5 Kg7 28. Rd1 Bc6 29. Rfe1 Re6 30. Rd4 Rae8 31. Nf1 Bb6 32. Rd2 Rf8 33. Be3 Bxe3 34. Nxe3 Re7 35. Nc4 a6 36. Nb2 b6 37. a4 Rc8 38. Rc1 Kf6 39. Rd6+ Re6 40. Rxe6+ Kxe6 41. Kf1 Bb5+ 42. Nc4 Bxa4 43. Ke1 Bb5 44. Kd2 Rxc4 45. Re1 Kd5 46. Rd1 Rd4+ 47. Kc2 Ba4+ 48. Kb2 Rxd1 49. Ka3 b5 50. Kb2 Rd2+ 51. Kc3 Rc2# 0-1

[Event "GER-chW Blitz 2019"]
[Site "Magdeburg"]
[Date "2019.05.25"]
[Round "15.11"]
[White "Gheng, Simona"]
[Black "Daemering, Katrin"]
[Result "1-0"]
[ECO "B20"]
[WhiteElo "1991"]
[BlackElo "2003"]
[Annotator "NA"]
[PlyCount "80"]
[EventDate "2019.05.25"]
[EventType "tourn"]
[EventCountry "GER"]
[SourceTitle "playchess.com"]
[Source "ChessBase"]
[SourceQuality "1"]
[TimeControl "180+2"]

1. e4 c5 2. c4 Nc6 3. Nc3 e6 4. g3 a6 5. Bg2 g6 6. Nge2 Bg7 7. d3 Nge7 8. O-O O-O 9. a3 Nd4 10. Nxd4 cxd4 11. Ne2 f5 12. f4 d6 13. b4 e5 14. Bb2 Rb8 15. Rb1 Be6 16. Bc1 h6 17. exf5 Nxf5 18. g4 Ne3 19. Bxe3 dxe3 20. Qc1 Bxg4 21. Qxe3 Bxe2 22. Qxe2 exf4 23. Qe4 Qg5 24. Qd5+ Qxd5 25. Bxd5+ Kh7 26. Rbe1 Be5 27. Re4 g5 28. d4 Bf6 29. Kg2 b6 30. h3 Rbe8 31. Rfe1 Rxe4 32. Rxe4 Kg7 33. Kf3 Rd8 34. Kg4 Kg6 35. Re6 h5+ 36. Kf3 Kf5 37. Re4 g4+ 38. hxg4+ hxg4+ 39. Kf2 Rh8 40. Be6+ Kxe4 1-0

[Event "GER-chW Blitz 2019"]
[Site "Magdeburg"]
[Date "2019.05.25"]
[Round "15.12"]
[White "Kunze, Kerstin"]
[Black "Kreismann, Franziska"]
[Result "1-0"]
[ECO "B18"]
[WhiteElo "2066"]
[BlackElo "1589"]
[Annotator "NA"]
[PlyCount "53"]
[EventDate "2019.05.25"]
[EventType "tourn"]
[EventCountry "GER"]
[SourceTitle "playchess.com"]
[Source "ChessBase"]
[SourceQuality "1"]
[TimeControl "180+2"]

1. e4 c6 2. d4 d5 3. Nc3 dxe4 4. Nxe4 Bf5 5. Ng3 Bg6 6. h4 h6 7. Nf3 Nf6 8. h5 Bh7 9. Bd3 Bxd3 10. Qxd3 e6 11. Bd2 Nbd7 12. O-O-O Bd6 13. Rde1 Qb6 14. Ne5 Rf8 15. Nxd7 Nxd7 16. Ne4 Bb4 17. c3 Be7 18. Bf4 O-O-O 19. Bd6 Bxd6 20. Nxd6+ Kb8 21. Qg3 Qc7 22. c4 Nb6 23. c5 Nd5 24. Qxg7 Nb4 25. Kb1 Qa5 26. a3 Nd3 27. Re2 1-0

[Event "GER-chW Blitz 2019"]
[Site "Magdeburg"]
[Date "2019.05.25"]
[Round "16.1"]
[White "Roesler, Hannah Clara Hed"]
[Black "Kreismann, Franziska"]
[Result "1-0"]
[ECO "B13"]
[WhiteElo "1619"]
[BlackElo "1589"]
[Annotator "NA"]
[PlyCount "71"]
[EventDate "2019.05.25"]
[EventType "tourn"]
[EventCountry "GER"]
[SourceTitle "playchess.com"]
[Source "ChessBase"]
[SourceQuality "1"]
[TimeControl "180+2"]

1. e4 c6 2. d4 d5 3. exd5 cxd5 4. c4 dxc4 5. Bxc4 e6 6. Nf3 Bb4+ 7. Nc3 Nc6 8. O-O Nf6 9. Bg5 O-O 10. Bb3 b6 11. Bc2 Bb7 12. Qd3 g6 13. Ne4 Be7 14. Bh6 Re8 15. Neg5 Nh5 16. Ne4 Nf6 17. Nc3 Qc7 18. Rac1 Rad8 19. Rfe1 Ng4 20. Be3 Bd6 21. Nb5 Bxh2+ 22. Kf1 Nxe3+ 23. Rxe3 Qf4 24. Qd2 a6 25. Nc3 Qc7 26. a3 e5 27. d5 Ne7 28. Ng5 Nf5 29. Bxf5 gxf5 30. Rh3 Kg7 31. Rxh2 Re6 32. Rxh7+ Kg6 33. Rxf7 Kh6 34. Rxc7 Rde8 35. Nf7+ Kg7 36. Nd6+ {[%emt 0:00:02] Rxd6 [%clk 0:00:07]} 1-0

[Event "GER-chW Blitz 2019"]
[Site "Magdeburg"]
[Date "2019.05.25"]
[Round "16.2"]
[White "Daemering, Katrin"]
[Black "Kunze, Kerstin"]
[Result "1/2-1/2"]
[ECO "A05"]
[WhiteElo "2003"]
[BlackElo "2066"]
[Annotator "NA"]
[PlyCount "100"]
[EventDate "2019.05.25"]
[EventType "tourn"]
[EventCountry "GER"]
[SourceTitle "playchess.com"]
[Source "ChessBase"]
[SourceQuality "1"]
[TimeControl "180+2"]

1. Nf3 Nf6 2. g3 d5 3. d3 Nc6 4. Bg2 e5 5. O-O Be7 6. Nbd2 O-O 7. c4 h6 8. cxd5 Nxd5 9. Nc4 Bf6 10. a3 a6 11. e4 Nb6 12. Ne3 Be6 13. b4 Qd7 14. Qe2 Na4 15. Qc2 Nd4 16. Nxd4 exd4 17. Nd1 c5 18. Re1 Rac8 19. Qe2 Be7 20. Bd2 c4 21. dxc4 Bxc4 22. Qh5 Be6 23. h3 Nb2 24. Nxb2 Rc2 25. Bc1 d3 26. Qd1 Rd8 27. Re3 Bb3 28. Qxd3 Qe6 29. Qf1 Bc4 30. Nxc4 Rxc4 31. Bb2 Rc2 32. Bc3 Rc8 33. Be1 Bf6 34. Rd1 Qe7 35. e5 Bg5 36. Re4 Qe8 37. f4 Be7 38. Qd3 R2c7 39. Rd4 a5 40. bxa5 Bc5 41. Kh1 Bxd4 42. Qxd4 Rc2 43. Bf2 Qb5 44. Qd7 Qb2 45. Qd3 Rxf2 46. Qe4 Rcc2 47. Rg1 Rxf4 48. gxf4 Rxg2 49. Rxg2 Qxa3 50. Qe1 Qa4 1/2-1/2

[Event "GER-chW Blitz 2019"]
[Site "Magdeburg"]
[Date "2019.05.25"]
[Round "16.3"]
[White "Sieber, Fiona"]
[Black "Gheng, Simona"]
[Result "1/2-1/2"]
[ECO "B75"]
[WhiteElo "2250"]
[BlackElo "1991"]
[Annotator "NA"]
[PlyCount "129"]
[EventDate "2019.05.25"]
[EventType "tourn"]
[EventCountry "GER"]
[SourceTitle "playchess.com"]
[Source "ChessBase"]
[SourceQuality "1"]
[TimeControl "180+2"]

1. e4 c5 2. Nf3 d6 3. d4 cxd4 4. Nxd4 Nf6 5. Nc3 g6 6. Be3 Bg7 7. f3 Nc6 8. Qd2 O-O 9. g4 h5 10. gxh5 Nxh5 11. O-O-O Nxd4 12. Bxd4 Bxd4 13. Qxd4 Qa5 14. Kb1 Be6 15. Nd5 Bxd5 16. exd5 Rac8 17. f4 Qc5 18. Qd2 Nxf4 19. c3 Nh5 20. Be2 Nf6 21. h4 Kg7 22. h5 Rh8 23. hxg6 fxg6 24. Bf3 Qc4 25. Rhg1 Rh6 26. Qe3 Qc7 27. Rde1 Rf8 28. Qxa7 Nh5 29. Qd4+ Rf6 30. Bxh5 Rxh5 31. Re6 Rhf5 32. Rge1 Re5 33. R6xe5 dxe5 34. Qxe5 Qxe5 35. Rxe5 Kf7 36. Kc2 Rb6 37. b4 Kf6 38. Re2 g5 39. a3 g4 40. c4 e6 41. c5 Ra6 42. dxe6 Rxe6 43. Rg2 Kf5 44. Kd3 Kf4 45. b5 Kf3 46. Rg1 Re5 47. Kd4 Re7 48. a4 g3 49. a5 Kf2 50. Ra1 Rd7+ 51. Ke5 g2 52. Ke6 Rd2 53. c6 bxc6 54. bxc6 g1=Q 55. Rxg1 Kxg1 56. c7 Rc2 57. Kd7 Rd2+ 58. Kc6 Rc2+ 59. Kb7 Rb2+ 60. Ka7 Rc2 61. Kb8 Rb2+ 62. Kc8 Ra2 63. Kb8 Rb2+ 64. Ka7 Rc2 65. Kb8 1/2-1/2

[Event "GER-chW Blitz 2019"]
[Site "Magdeburg"]
[Date "2019.05.25"]
[Round "16.4"]
[White "Osmanodja, Filiz"]
[Black "Kopylov, Luba"]
[Result "1-0"]
[ECO "B70"]
[WhiteElo "2260"]
[BlackElo "2078"]
[Annotator "NA"]
[PlyCount "87"]
[EventDate "2019.05.25"]
[EventType "tourn"]
[EventCountry "GER"]
[SourceTitle "playchess.com"]
[Source "ChessBase"]
[SourceQuality "1"]
[TimeControl "180+2"]

1. e4 c5 2. Nc3 d6 3. Nf3 Nf6 4. d4 cxd4 5. Nxd4 g6 6. Be2 Bg7 7. O-O O-O 8. Bg5 Nc6 9. Nb3 Be6 10. Re1 Rc8 11. Bf1 Ne5 12. Nd5 Nxd5 13. exd5 Bf5 14. c3 f6 15. Bf4 Nc4 16. Qe2 Re8 17. Nd4 Bd7 18. b3 Ne5 19. c4 Qb6 20. Rad1 Bg4 21. f3 Bd7 22. Be3 Qa6 23. Qf2 f5 24. h3 Qa5 25. f4 Nf7 26. Re2 Nd8 27. Rde1 e5 28. dxe6 Nxe6 29. Nxe6 Rxe6 30. Bd2 Rxe2 31. Rxe2 Qxa2 32. Qf3 Bd4+ 33. Kh2 Bc6 34. Qd3 Bc5 35. Be1 Qa3 36. Bh4 Qc1 37. Re7 Qxf4+ 38. Bg3 Qg5 39. Qe2 Be4 40. Rd7 Re8 41. Qb2 Re7 42. Rd8+ Kf7 43. Qh8 Qf6 44. Qg8# 1-0

[Event "GER-chW Blitz 2019"]
[Site "Magdeburg"]
[Date "2019.05.25"]
[Round "16.5"]
[White "Michna, Marta"]
[Black "Zimmer, Elke"]
[Result "1-0"]
[ECO "A04"]
[WhiteElo "2355"]
[BlackElo "1926"]
[Annotator "NA"]
[PlyCount "95"]
[EventDate "2019.05.25"]
[EventType "tourn"]
[EventCountry "GER"]
[SourceTitle "playchess.com"]
[Source "ChessBase"]
[SourceQuality "1"]
[TimeControl "180+2"]

1. Nf3 Nc6 2. g3 e5 3. d3 d5 4. Bg2 Nf6 5. O-O h6 6. Nbd2 Be6 7. e4 d4 8. h3 Qd7 9. Kh2 Be7 10. Ne1 g5 11. a3 h5 12. f4 gxf4 13. gxf4 exf4 14. Ndf3 Ng4+ 15. hxg4 hxg4+ 16. Kg1 gxf3 17. Qxf3 O-O-O 18. Bxf4 Bg4 19. Qf2 Rhg8 20. b4 Bd6 21. Bxd6 Qxd6 22. Qf4 Ne5 23. Rf2 Rh8 24. Qf6 Be6 25. Qf4 Rdg8 26. Kf1 Bh3 27. Bxh3+ Rxh3 28. Qf5+ Qd7 29. Qxd7+ Kxd7 30. Ke2 Re3+ 31. Kd2 Rg1 32. c3 Nf3+ 33. Nxf3 Rxa1 34. Nxd4 Rh3 35. Rxf7+ Ke8 36. Rf3 Rh2+ 37. Ke3 Rh4 38. e5 Re1+ 39. Kf2 Rhh1 40. e6 Ref1+ 41. Ke3 Re1+ 42. Kf4 Rh4+ 43. Kg5 Rh8 44. Nf5 Rg1+ 45. Kf4 Rf8 46. d4 Rg5 47. Kxg5 Rg8+ 48. Kf4 1-0

[Event "GER-chW Blitz 2019"]
[Site "Magdeburg"]
[Date "2019.05.25"]
[Round "16.6"]
[White "Muetsch, Annmarie"]
[Black "Mader, Lena"]
[Result "1-0"]
[ECO "B10"]
[WhiteElo "2266"]
[BlackElo "1839"]
[Annotator "NA"]
[PlyCount "45"]
[EventDate "2019.05.25"]
[EventType "tourn"]
[EventCountry "GER"]
[SourceTitle "playchess.com"]
[Source "ChessBase"]
[SourceQuality "1"]
[TimeControl "180+2"]

1. e4 c6 2. Nc3 d5 3. Nf3 d4 4. Ne2 c5 5. c3 d3 6. Nf4 c4 7. Qa4+ Nc6 8. Qxc4 e5 9. Nxd3 Be6 10. Qa4 Bd7 11. Qc2 Bd6 12. b4 a6 13. Be2 Nf6 14. Nb2 O-O 15. O-O b5 16. d3 Rc8 17. Qd1 Nh5 18. a4 Nf4 19. Bxf4 exf4 20. d4 Bg4 21. e5 Bb8 22. axb5 axb5 23. Bxb5 1-0

[Event "GER-chW Blitz 2019"]
[Site "Magdeburg"]
[Date "2019.05.25"]
[Round "16.7"]
[White "Siegl, Melina"]
[Black "Braje, Monika"]
[Result "1-0"]
[ECO "B01"]
[WhiteElo "2029"]
[BlackElo "1781"]
[Annotator "NA"]
[PlyCount "39"]
[EventDate "2019.05.25"]
[EventType "tourn"]
[EventCountry "GER"]
[SourceTitle "playchess.com"]
[Source "ChessBase"]
[SourceQuality "1"]
[TimeControl "180+2"]

1. e4 d5 2. exd5 Nf6 3. d4 Nxd5 4. c4 Nb6 5. Nc3 e5 6. d5 Bb4 7. Bd2 O-O 8. Bd3 f5 9. a3 Bxc3 10. Bxc3 e4 11. Be2 Qg5 12. Nh3 Qh6 13. O-O f4 14. Bg4 Nxc4 15. Bxc8 Rxc8 16. Qg4 Rf8 17. Rac1 Nd6 18. Be5 f3 19. Rxc7 fxg2 20. Rxg7+ 1-0

[Event "GER-chW Blitz 2019"]
[Site "Magdeburg"]
[Date "2019.05.25"]
[Round "16.8"]
[White "Hofmann, Karina"]
[Black "Schulze, Lara"]
[Result "0-1"]
[ECO "A03"]
[WhiteElo "1700"]
[BlackElo "2160"]
[Annotator "NA"]
[PlyCount "78"]
[EventDate "2019.05.25"]
[EventType "tourn"]
[EventCountry "GER"]
[SourceTitle "playchess.com"]
[Source "ChessBase"]
[SourceQuality "1"]
[TimeControl "180+2"]

1. f4 d5 2. Nf3 Bg4 3. e3 Nd7 4. b3 e5 5. h3 Bxf3 6. Qxf3 c6 7. Bb2 Bd6 8. d3 Ne7 9. Nd2 f6 10. O-O-O Qc7 11. f5 O-O-O 12. g4 h5 13. Bg2 hxg4 14. hxg4 a5 15. Rhg1 a4 16. e4 Kb8 17. Qf2 Bc5 18. d4 Ba7 19. c3 exd4 20. cxd4 dxe4 21. Nxe4 Nd5 22. Kb1 axb3 23. axb3 Qb6 24. Nc5 Nxc5 25. dxc5 Qxc5 26. Qg3+ Ka8 27. Rc1 Qe3 28. Qf3 Qxf3 29. Bxf3 Bxg1 30. Rxg1 Rh3 31. Bxd5 Rxd5 32. Ka2 Rh2 33. Ka3 Ra5+ 34. Kb4 Rb5+ 35. Kc4 Rxb2 36. Re1 R2xb3 37. Re8+ Ka7 38. Re7 Kb6 39. Rxg7 R5b4# {[%emt 0:00:01] Kd4} 0-1

[Event "GER-chW Blitz 2019"]
[Site "Magdeburg"]
[Date "2019.05.25"]
[Round "16.9"]
[White "Birkholz, Olga"]
[Black "Kushka, Alena"]
[Result "1-0"]
[ECO "B20"]
[WhiteElo "2031"]
[BlackElo "2148"]
[Annotator "NA"]
[PlyCount "55"]
[EventDate "2019.05.25"]
[EventType "tourn"]
[EventCountry "GER"]
[SourceTitle "playchess.com"]
[Source "ChessBase"]
[SourceQuality "1"]
[TimeControl "180+2"]

1. e4 c5 2. b3 Nc6 3. Bb2 Nf6 4. d3 e6 5. f4 d5 6. e5 Nd7 7. Nf3 Be7 8. Qe2 O-O 9. g3 f6 10. exf6 Nxf6 11. Bh3 Qd6 12. O-O d4 13. Nbd2 b5 14. a4 bxa4 15. Rxa4 Nd5 16. Nc4 Qd7 17. Re1 Rf6 18. Nce5 Nxe5 19. Nxe5 Qe8 20. Ng4 Rg6 21. Bg2 Bb7 22. Ne5 Rh6 23. Bc1 Rf6 24. Ng4 Rg6 25. Be4 Bc6 26. Ra1 Rxg4 27. Qxg4 Nf6 28. Qxe6+ 1-0

[Event "GER-chW Blitz 2019"]
[Site "Magdeburg"]
[Date "2019.05.25"]
[Round "16.10"]
[White "Rath, Alina"]
[Black "Ries, Jutta"]
[Result "1-0"]
[ECO "A16"]
[WhiteElo "2042"]
[BlackElo "2017"]
[Annotator "NA"]
[PlyCount "135"]
[EventDate "2019.05.25"]
[EventType "tourn"]
[EventCountry "GER"]
[SourceTitle "playchess.com"]
[Source "ChessBase"]
[SourceQuality "1"]
[TimeControl "180+2"]

1. c4 Nf6 2. Nc3 d5 3. cxd5 Nxd5 4. g3 e5 5. Bg2 c6 6. d3 Be6 7. Nf3 Nd7 8. Ng5 Nxc3 9. bxc3 Bd5 10. e4 Be7 11. exd5 Bxg5 12. dxc6 bxc6 13. Bxc6 Bxc1 14. Rxc1 Rc8 15. Bg2 Qa5 16. Qd2 O-O 17. O-O Rfd8 18. Rfd1 Nc5 19. d4 Na4 20. Qe1 Nb2 21. Rd2 Nc4 22. Re2 exd4 23. cxd4 Qxe1+ 24. Rcxe1 g6 25. d5 Nb6 26. Re7 Nxd5 27. Rxa7 Nb4 28. a3 Nc6 29. Ra6 Nd4 30. a4 Rc2 31. Ra8 Rxa8 32. Bxa8 Ra2 33. Re8+ Kg7 34. Bd5 Rxa4 35. Re7 Nf5 36. Rxf7+ Kh6 37. Rc7 Ra6 38. Bg8 Ng7 39. Kg2 g5 40. h3 Kg6 41. Bc4 Rd6 42. Bb3 h5 43. Bc2+ Kf6 44. Ra7 Rc6 45. Be4 Rd6 46. Bf3 Ne6 47. Bxh5 Rd2 48. Rf7+ Ke5 49. Bg4 Nd4 50. Re7+ Kf6 51. Rd7 Ke5 52. h4 gxh4 53. gxh4 Rb2 54. h5 Rb6 55. Kg3 Nc6 56. Rd1 Ne7 57. Re1+ Kf6 58. f3 Ng8 59. Kh4 Rb4 60. Re6+ Kg7 61. Ra6 Nf6 62. h6+ Kf7 63. Ra7+ Kg6 64. Ra6 Kf7 65. Kg3 Nh7 66. Bf5 Nf8 67. h7 Rb7 68. h8=Q 1-0

[Event "GER-chW Blitz 2019"]
[Site "Magdeburg"]
[Date "2019.05.25"]
[Round "16.11"]
[White "Silz, Elisa"]
[Black "Lubbe, Melanie"]
[Result "0-1"]
[ECO "E98"]
[WhiteElo "1977"]
[BlackElo "2278"]
[Annotator "NA"]
[PlyCount "92"]
[EventDate "2019.05.25"]
[EventType "tourn"]
[EventCountry "GER"]
[SourceTitle "playchess.com"]
[Source "ChessBase"]
[SourceQuality "1"]
[TimeControl "180+2"]

1. d4 Nf6 2. Nf3 g6 3. c4 Bg7 4. Nc3 d6 5. e4 O-O 6. Be2 e5 7. O-O Nc6 8. d5 Ne7 9. Ne1 Nd7 10. Nd3 f5 11. Bd2 Nf6 12. f3 f4 13. c5 g5 14. cxd6 cxd6 15. Qc2 Bd7 16. Nf2 h5 17. h3 Rf7 18. Rfc1 Bf8 19. Qd1 Rh7 20. a4 Ng6 21. Be1 Nh4 22. Nd3 Rg7 23. Bxh4 gxh4 24. Kh1 Nh7 25. Nb5 Qg5 26. Bf1 Bxh3 27. Rc2 Bd7 28. Nc7 Rd8 29. Ne6 Bxe6 30. dxe6 h3 31. g4 fxg3 32. Bxh3 Qh4 33. Qf1 g2+ 34. Rxg2 Qxh3+ 35. Rh2 Qxf1+ 36. Rxf1 Nf6 37. Nb4 Be7 38. Nd5 Nxd5 39. exd5 h4 40. Rc1 Bg5 41. Rc4 Rf8 42. Rc3 Rf4 43. Rc8+ Kh7 44. Rc3 Rxa4 45. Rhc2 Ra1+ 46. Kh2 Bf4+ 0-1

[Event "GER-chW Blitz 2019"]
[Site "Magdeburg"]
[Date "2019.05.25"]
[Round "16.12"]
[White "Kotyk, Valeriya"]
[Black "Fuchs, Judith"]
[Result "0-1"]
[ECO "E91"]
[WhiteElo "1739"]
[BlackElo "2218"]
[Annotator "NA"]
[PlyCount "22"]
[EventDate "2019.05.25"]
[EventType "tourn"]
[EventCountry "GER"]
[SourceTitle "playchess.com"]
[Source "ChessBase"]
[SourceQuality "1"]
[TimeControl "180+2"]

1. d4 Nf6 2. c4 g6 3. Nc3 Bg7 4. e4 d6 5. Nf3 O-O 6. Be2 Nbd7 7. Be3 e5 8. d5 a5 9. O-O Re8 10. Nd2 Nc5 11. Bxc5 dxc5 0-1

[Event "GER-chW Blitz 2019"]
[Site "Magdeburg"]
[Date "2019.05.25"]
[Round "17.1"]
[White "Fuchs, Judith"]
[Black "Roesler, Hannah Clara Hed"]
[Result "1-0"]
[ECO "A45"]
[WhiteElo "2218"]
[BlackElo "1619"]
[Annotator "NA"]
[PlyCount "55"]
[EventDate "2019.05.25"]
[EventType "tourn"]
[EventCountry "GER"]
[SourceTitle "playchess.com"]
[Source "ChessBase"]
[SourceQuality "1"]
[TimeControl "180+2"]

1. d4 Nf6 2. Bf4 e6 3. e3 d5 4. Nf3 c5 5. c3 Nc6 6. Nbd2 Bd6 7. Bg3 O-O 8. Bd3 c4 9. Bc2 b5 10. a3 Bb7 11. Qe2 a5 12. e4 dxe4 13. Nxe4 Nxe4 14. Bxe4 Qc7 15. Bc2 Rfe8 16. Bxd6 Qxd6 17. Rd1 Qf4 18. Qe4 Qf6 19. Qxh7+ Kf8 20. O-O Ke7 21. Qh4 Rh8 22. Qxf6+ gxf6 23. d5 exd5 24. Rxd5 Ne5 25. Rxb5 Bxf3 26. Re1 Bc6 27. Rb6 Bd7 28. f4 1-0

[Event "GER-chW Blitz 2019"]
[Site "Magdeburg"]
[Date "2019.05.25"]
[Round "17.2"]
[White "Lubbe, Melanie"]
[Black "Kotyk, Valeriya"]
[Result "1-0"]
[ECO "A45"]
[WhiteElo "2278"]
[BlackElo "1739"]
[Annotator "NA"]
[PlyCount "70"]
[EventDate "2019.05.25"]
[EventType "tourn"]
[EventCountry "GER"]
[SourceTitle "playchess.com"]
[Source "ChessBase"]
[SourceQuality "1"]
[TimeControl "180+2"]

1. d4 Nf6 2. Nc3 d5 3. Bf4 c6 4. f3 Qb6 5. Rb1 Bf5 6. g4 Bg6 7. h4 h6 8. e3 e6 9. Bd3 Bxd3 10. Qxd3 Nbd7 11. Nh3 c5 12. Kf2 cxd4 13. exd4 Bd6 14. Rhe1 O-O-O 15. Na4 Qc7 16. Qd2 Kb8 17. b3 Rhg8 18. Kg2 Rc8 19. c4 dxc4 20. bxc4 Bxf4 21. Nxf4 Nb6 22. Nc5 Nfd7 23. Nfd3 Rgd8 24. Qc3 g5 25. a4 Qd6 26. a5 Na4 27. Nxa4 Rc7 28. Nac5 Nf8 29. Rb2 Ng6 30. Reb1 Qxd4 31. Qxd4 Rxd4 32. Na6+ Kc8 33. Nxc7 Kxc7 34. Rxb7+ Kd8 35. Nc5 Nf4+ 1-0